 Dungeon Crawl Stone Soup version 0.31-a0-851-g7ff8af7976 (webtiles) character file.

Game seed: 1390366118573797187

251 javelincjr the Caller (level 6, 0/36 HPs)
             Began as an Octopode Summoner on Oct 4, 2023.
             Slain by an adder (4 damage)
             ... in a sewer on Oct 5, 2023.
             The game lasted 00:21:19 (3046 turns).

javelincjr the Caller (Octopode Summoner)           Turns: 3046, Time: 00:21:20

Health: 0/36       AC:  1    Str:  7    XL:     6   Next: 13%
Magic:  11/11      EV: 18    Int: 20    God:
Gold:   97         SH:  0    Dex: 12    Spells: 6/12 levels left

rFire   . . .        n - +2 quarterstaff (chaos)
rCold   . . .        (shield currently unavailable)
rNeg    . . .        (helmet restricted)
rPois   .            (no amulet)
rElec   .            b - +5 ring of evasion
rCorr   .            (no ring)
SInv    .            (no ring)
Will    .....        (no ring)
Stlth   ++++         (no ring)
HPRegen 0.26/turn    (no ring)
MPRegen 0.12/turn    (no ring)
                     (no ring)

%: no passive effects
@: no status effects
A: almost no armour, amphibious, 8 rings, camouflage 1, gelatinous body 1,
nimble swimmer 1, tentacles
a: no special abilities


You were in a sewer.
You visited 1 branch of the dungeon, and saw 4 of its levels.
You also visited: Sewer.

You collected 97 gold pieces.

Inventory:

Hand Weapons
 n - a +2 quarterstaff of chaos (weapon)
 x - a +3 mace of holy wrath
Missiles
 d - 19 stones (quivered)
 t - 2 curare-tipped darts
Armour
 s - a +0 buckler
Jewellery
 b - a +5 ring of evasion (left tentacle)
Wands
 y - a wand of paralysis (2)
Scrolls
 f - a scroll of torment {unknown}
 g - 4 scrolls of identify {unknown}
 i - 3 scrolls of fear {unknown}
 j - a scroll of revelation {unknown}
 l - a scroll of brand weapon {unknown}
 m - a scroll of immolation {unknown}
 o - a scroll of summoning {unknown}
 r - a scroll of enchant armour {unknown}
 u - a scroll of teleportation {unknown}
Potions
 a - 4 potions of magic
 c - a potion of lignification
 e - a potion of brilliance {unknown}
 h - 2 potions of mutation {unknown}
 k - a potion of haste {unknown}
 p - a potion of heal wounds {unknown}
 q - a potion of curing {unknown}
 v - a potion of resistance {unknown}
 w - a potion of attraction {unknown}


   Skills:
 + Level 3.0 Dodging
 - Level 3.8 Stealth
 + Level 0.8 Shields
 * Level 3.7 Spellcasting
 * Level 5.3 Summonings


You had 6 spell levels left.
You knew the following spells:

 Your Spells              Type           Power      Damage    Failure   Level
a - Summon Small Mammal   Summ           100%       N/A       1%          1
b - Call Imp              Summ           50%        N/A       2%          2
c - Call Canine Familiar  Summ           25%        N/A       4%          3

Your spell library contained the following spells:

 Spells                   Type           Power      Damage    Failure   Level
 Magic Dart               Conj           12%        1d3       13%         1
 Summon Guardian Golem    Hex/Summ       14%        N/A       13%         3
 Gell's Gravitas          Tloc           3%         N/A       36%         3
 Mephitic Cloud           Conj/Pois/Air  3%         N/A       36%         3
 Teleport Other           Tloc           3%         N/A       36%         3
 Summon Lightning Spire   Summ/Air       14%        N/A       41%         4
 Dispersal                Tloc           1%         N/A       100%        6


Dungeon Overview and Level Annotations

Branches:
Dungeon (4/15)              Sewer (1/1)
 Temple: D:4-7

Altars:

Annotations:
D:4 2 transporters, superbruh's ghost, novice GnWn


Innate Abilities, Weirdness & Mutations

You cannot wear most types of armour.
You are amphibious.
You can wear up to eight rings at the same time.
Your skin changes colour to match your surroundings (Stealth+).
Your rubbery body absorbs attacks. (AC +1, EV +1)
You are camouflaged when in or above water. (Stealth+)
You have tentacles for arms and can constrict up to eight enemies at once.


Message History

The ball python constricts you.
Your cerulean imp barely misses the adder.
You closely miss the ball python. Your grab misses the ball python.
You squeeze the ball python.
You kill the ball python!
You feel sick. The adder bites you.
* * * LOW HITPOINT WARNING * * *
You feel sick. The adder barely misses you.
You barely miss the adder. You grab the adder. You squeeze the adder.
The adder is severely wounded.
You constrict the adder, but do no damage.
You feel sick.
Your cerulean imp hits the adder but does no damage.
The adder bites you.
* * * LOW HITPOINT WARNING * * *
The frilled lizard closely misses you.
Your cerulean imp barely misses the adder.
The adder barely misses you.
You hit the adder. You burn the adder.
You kill the adder!
You feel sick. The frilled lizard misses you.
Your cerulean imp misses the frilled lizard.
The frilled lizard closely misses you.
You barely miss the frilled lizard. Your grab misses the frilled lizard.
Your tentacle-slap misses the frilled lizard.
You feel sick.
You are no longer poisoned.
Your cerulean imp closely misses the frilled lizard.
The frilled lizard bites you.
* * * LOW HITPOINT WARNING * * *
You hit the frilled lizard.
You kill the frilled lizard!
Your cerulean imp hits the adder but does no damage.
The giant cockroach waves its antennae.
Your cerulean imp hits the adder but does no damage.
Your cerulean imp hits the adder with a -2 spear.
The adder is no longer paralysed.
Your cerulean imp misses the adder.
It was a potion of lignification.
You feel woody for a moment. The adder bites you.
You die...

#≈≈≈≈~.[~≈≈≈≈~~≈~.#
#.#
#≈≈≈≈..[..≈≈≈~~≈~.#
#∩#
#≈≈≈≈≈..~~≈†≈≈~≈~.#
#.#
#≈≈≈≈≈~~..~†≈~≈≈~.#
###
#≈≈≈≈.....~≈~≈~≈~.#
##≈≈......~≈~≈~≈~.#
#≈~∩.~~≈~~≈≈~≈≈~.#
#≈≈~~~≈≈~≈≈≈~≈≈~.#
##≈~≈≈@~≈≈≈≈~≈≈~.#
#≈≈≈≈S≈≈≈≈≈~~≈~.#
##≈≈†≈≈≈≈≈≈.~≈
########†≈~≈†~~~.~≈
~~~.~≈≈≈≈5~~~~..~~≈
~~≈~≈≈≈≈≈~~~~~~~~≈≈
~≈≈≈≈≈†≈≈≈≈≈≈≈≈≈≈≈~
~~~~~~B~~BB~~~~~~~~
......~~.~.~~~~....


You could see an adder (ally target), 3 giant cockroaches and a friendly
cerulean imp (summoned).

Vanquished Creatures
  A bullfrog (Sewer)
  An adder (Sewer)
  2 dart slugs
  A ball python (Sewer)
  An endoplasm (D:2)
  A giant cockroach (D:3)
  2 goblins (D:2)
  2 hobgoblins
  A jackal (D:2)
  2 kobolds
  2 quokkas (Sewer)
  3 bats
  5 frilled lizards (Sewer)
  5 rats
29 creatures vanquished.

Vanquished Creatures (collateral kills)
  Crazy Yiuf (D:2)
  Jessica (D:2)
  4 adders
  3 dart slugs
  4 orcs (D:2)
  An endoplasm (D:2)
  2 giant cockroaches
  2 goblins (D:1)
  5 hobgoblins
  3 jackals (D:2)
  5 kobolds
  3 quokkas (D:2)
  6 ball pythons
  2 bats
  A frilled lizard (D:1)
  3 rats
46 creatures vanquished.

Grand Total: 75 creatures vanquished

Notes
Turn   | Place    | Note
-------+----------+-------------------------------------------
     0 | D:1      | javelincjr the Octopode Summoner began the quest for the
                  | Orb.
     0 | D:1      | Reached XP level 1. HP: 11/11 MP: 3/3
    96 | D:1      | Reached XP level 2. HP: 4/17 MP: 3/5
   155 | D:1      | Learned a level 2 spell: Call Imp
   607 | D:2      | Reached XP level 3. HP: 6/21 MP: 2/6
   688 | D:2      | Noticed Jessica
   727 | D:2      | Killed Jessica
   728 | D:2      | Reached XP level 4. HP: 5/27 MP: 3/8
  1547 | D:2      | Reached XP level 5. HP: 27/31 MP: 5/9
  1551 | D:2      | Learned a level 3 spell: Call Canine Familiar
  1767 | D:2      | Found a runed translucent door.
  1768 | D:2      | Noticed Crazy Yiuf
  1792 | D:2      | Killed Crazy Yiuf
  2414 | D:3      | Reached skill level 5 in Summonings
  2549 | D:3      | Upgraded the game from 0.31-a0-848-gaac375c287 to
                  | 0.31-a0-851-g7ff8af7976
  2724 | D:4      | Found a transporter.
  2751 | D:4      | Noticed superbruh's ghost (novice GnWn)
  2831 | D:4      | Found a transporter.
  2864 | D:4      | Found a glowing drain.
  2868 | Sewer    | Entered a sewer
  2983 | Sewer    | Identified the +2 helmet "Jassane" {rElec rCorr Str-5}
  2987 | Sewer    | Reached XP level 6. HP: 28/36 MP: 9/11
  3046 | Sewer    | Slain by an adder

Illustrated notes

Levels and vault maps discovered:
D:1:      grunt_arrival_lava_bath, layout_basic
D:2:      layout_loops_cross, uniq_jessica, uniq_crazy_yiuf_cottage
D:3:      layout_rooms
D:4:      layout_basic, gammafunk_ghost_mausoleum, gup_sewer_entry_bowl
Sewer:    sewer_frog_island_01

Skill      XL: |  1  2  3  4  5 |
---------------+----------------+-----
Stealth        | 3 |  3.8
Spellcasting   | 3 |  3.7
Summonings     | 5 |  5.3
Dodging        | 3 |  3.0
Shields        | |  0.8

Action                     |  1- 3 |  4- 6 || total
---------------------------+-------+-------++-------
  Melee: Unarmed           |    31 |    49 ||    80
         Constrict         |    10 |    19 ||    29
         Tentacles         |     7 |    13 ||    20
         Quarterstaff      |       |    26 ||    26
         Punch             |       |     1 ||     1
  Throw: Stone             |     6 |       ||     6
   Cast: Summon Small Mamm |    12 |    15 ||    27
         Call Imp          |     7 |    29 ||    36
         Call Canine Famil |       |    14 ||    14
  Evoke: Wand              |       |     1 ||     1
    Use: Potion            |       |     1 ||     1
   Stab: Sleeping          |     2 |     5 ||     7
 Armour: Skin              |    17 |    36 ||    53
  Dodge: Dodged            |    37 |    76 ||   113

Table legend: (Time is in decaauts)
 A = Elapsed time spent in this place.
 B = Non-inter-level travel time spent in this place.
 C = Inter-level travel time spent in this place.
 D = Time resting spent in this place.
 E = Time spent auto-exploring this place.
 F = Levels seen in this place.
 G = Mean time per level.
                   A        B        C        D        E       F      G
               +--------+--------+--------+--------+--------+-----+--------+
         Total |   3052 |   3008 |     44 |    107 |   2136 |   5 |  610.4 |
       Dungeon |   2870 |   2826 |     44 |    107 |   2058 |   4 |  717.5 |
         Sewer |    182 |    182 |      0 |      0 |     78 |   1 |  182.0 |
               +--------+--------+--------+--------+--------+-----+--------+

Top non-repeatable levels by time:
     D:2: 1330 daAuts
     D:3: 635 daAuts
     D:1: 597 daAuts
     D:4: 306 daAuts
   Sewer: 182 daAuts
